 Dungeon Crawl Stone Soup version 0.21-a0-361-g4efd3f9 (webtiles) character file.

18 tidbits the Charmwright (level 2, -2/26 HPs)
             Began as a Gnoll Skald on Oct 13, 2017.
             Slain by a goblin
             ... wielding a +0 dagger
             ... led by Robin
              (3 damage)
             ... on level 2 of the Dungeon.
             The game lasted 00:00:47 (97 turns).

tidbits the Charmwright (Gnoll Skald)                 Turns: 97, Time: 00:00:48

Health: -2/26      AC:  3    Str: 13    XL:     2   Next: 70%
Magic:  3/7        EV: 14    Int: 15    God:
Gold:   0          SH:  0    Dex: 14    Spells: 9/10 levels left

rFire    . . .     SeeInvis .   a - +0 hand axe
rCold    . . .     Gourm    .   (no shield)
rNeg     . . .     Faith    .   b - +0 leather armour
rPois    .         Spirit   .   (no helmet)
rElec    .         Reflect  .   (no cloak)
rCorr    .         Harm     .   (no gloves)
MR       .....                  (no boots)
Stlth    +.........             (no amulet)
HPRegen  0.08/turn              (no ring)
MPRegen  0.10/turn              (no ring)

@: about to teleport
A: distributed training, fangs 1, strong nose
a: no special abilities


You were on level 2 of the Dungeon.
You were not hungry.

You visited 1 branch of the dungeon, and saw 2 of its levels.

Inventory:

Hand Weapons
 a - a +0 hand axe (weapon)
Missiles
 e - 15 poisoned needles
Armour
 b - a +0 leather armour (worn)
Books
 c - a book of Battle

   Spells                             Type                      Level
   a - Infusion                       Charms                       1
   b - Shroud of Golubria             Charms/Translocation         2
   c - Song of Slaying                Charms                       2
   d - Spectral Weapon                Hexes/Charms                 3
   e - Regeneration                   Charms/Necromancy            3
Comestibles
 d - a bread ration


   Skills:
 + Level 4.5 Fighting
 + Level 0.5 Short Blades
 + Level 0.5 Long Blades
 + Level 4.5 Axes
 + Level 0.5 Maces & Flails
 + Level 0.5 Polearms
 + Level 0.5 Staves
 + Level 0.5 Slings
 + Level 0.5 Bows
 + Level 0.5 Crossbows
 + Level 0.5 Throwing
 + Level 2.5 Armour
 + Level 4.5 Dodging
 + Level 0.5 Stealth
 + Level 0.5 Shields
 + Level 0.5 Unarmed Combat
 + Level 4.9 Spellcasting
 + Level 0.3 Conjurations
 + Level 0.3 Hexes
 + Level 5.3 Charms
 + Level 0.3 Summonings
 + Level 0.3 Necromancy
 + Level 0.3 Translocations
 + Level 0.3 Transmutations
 + Level 0.3 Fire Magic
 + Level 0.3 Ice Magic
 + Level 0.3 Air Magic
 + Level 0.3 Earth Magic
 + Level 0.3 Poison Magic
 + Level 0.6 Invocations
 + Level 0.5 Evocations


You had 9 spell levels left.
You knew the following spells:

 Your Spells              Type           Power        Failure   Level  Hunger
i - Infusion              Chrm           ###.         2%          1    None


Dungeon Overview and Level Annotations

Branches:
Dungeon (2/15)

Altars:

Annotations:
D:2 Robin


Innate Abilities, Weirdness & Mutations

Your experience applies equally to all skills.
You have very sharp teeth.
Your uncanny sense of smell can sniff out nearby items.


Message History

Welcome, tidbits the Gnoll Skald.
Will you prevail where others failed? Will you find the Orb of Zot?
Press ? for a list of commands and other information.
Found a staircase leading out of the dungeon.
Found 15 poisoned needles.
You see here 15 poisoned needles.
e - 15 poisoned needles A dart slug comes into view.
The dart slug launches a dart at you. The slug dart misses you.
The dart slug launches a dart at you. The slug dart hits you!
Casting: Infusion
Confirm with . or Enter, or press ? or * to list all spells.
You begin infusing your attacks with magical energy.
You hit the dart slug.
The dart slug is heavily wounded.
Your magical infusion is running out.
You hit the dart slug!
You kill the dart slug!
A rat and a goblin come into view.
You are no longer magically infusing your attacks.
The goblin shouts!
A giant cockroach comes into view.
You hit the rat.
You kill the rat!
You closely miss the goblin. The goblin hits you.
You hit the goblin.
The goblin is moderately wounded.
The goblin hits you but does no damage.
You hit the giant cockroach but do no damage.
You hit the goblin.
You kill the goblin!
The giant cockroach completely misses you.
You barely miss the giant cockroach. The giant cockroach barely misses you.
The giant cockroach closely misses you.
You hit the giant cockroach.
The giant cockroach is severely wounded.
The giant cockroach barely misses you.
You hit the giant cockroach.
You kill the giant cockroach!
Found a spear.
Found a stone staircase leading down.
You see here a giant cockroach corpse.
Found a scroll labeled XINGAA XESUTAM.
You see here a spear.
f - a scroll labeled XINGAA XESUTAM
There are no items here.
A rat, a gnoll and a dart slug come into view.
Casting: Infusion
Confirm with . or Enter, or press ? or * to list all spells.
You begin infusing your attacks with magical energy.
The dart slug moves out of view.
A dart slug comes into view.
The gnoll shouts!
The rat bites you but does no damage.
A kobold comes into view.
The rat misses you. The gnoll hits you with a halberd.
You hit the gnoll!
The gnoll is heavily wounded.
You barely miss the rat.
The kobold throws a stone.
The stone hits you. The rat barely misses you.
The gnoll hits you with a halberd!
Ouch! That really hurt!
* * * LOW HITPOINT WARNING * * *
The rat closely misses you.
The kobold throws a stone.
The stone barely misses you.
The stone hits the dart slug.
You hit the gnoll.
You kill the gnoll!
You have reached level 2!
You hit the rat.
You kill the rat!
You hit the dart slug!
You kill the dart slug!
The kobold throws a stone.
The stone closely misses you.
Your magical infusion is running out.
The dart slug launches a dart at you. The slug dart hits you!
* * * LOW HITPOINT WARNING * * *
There is a stone staircase leading down here.
You climb downwards.
There is a stone staircase leading up here.
You are no longer magically infusing your attacks. 7 goblins, a hobgoblin and Robin come into view.
Robin shouts!
The goblin shouts!
The hobgoblin shouts!
The goblin shouts! x2
Robin roars a battlecry!
The goblins go into a battle-frenzy!
You hear a shout! x2
You aren't carrying any potions.
Unknown command.
As you read the scroll labeled XINGAA XESUTAM, it crumbles to dust.
You feel strangely unstable.
It was a scroll of teleportation.
The goblin shouts!
Robin throws the goblin at you!
* * * LOW HITPOINT WARNING * * *
The goblin hits you with a dagger.
You die...

####
...
###g##
#.@..#
#.#g.#
#.#g.#
∆
#.#..#
#.#gg#
#.#gg#
#.#gg#
#.#g.#
#.#


You could see Robin, a hobgoblin and 8 goblins.

Vanquished Creatures
  A gnoll (D:1)
  2 dart slugs (D:1)
  A giant cockroach (D:1)
  A goblin (D:1)
  2 rats (D:1)
7 creatures vanquished.

Notes
Turn   | Place    | Note
-------+----------+-------------------------------------------
     0 | D:1      | tidbits the Gnoll Skald began the quest for the Orb.
     0 | D:1      | Reached XP level 1. HP: 20/20 MP: 6/6
     3 | D:1      | Noticed an electric eel
     3 | D:1      | Noticed an electric eel
    79 | D:1      | Reached XP level 2. HP: 4/26 MP: 3/7
    82 | D:1      | HP: 1/26 [dart slug/slug dart (4)]
    96 | D:2      | Noticed Robin
    97 | D:2      | HP: 1/26 [Robin/goblin (1)]
    97 | D:2      | Slain by a goblin

Vault maps used:
D:1:      arrival_aquarium_b, serial_forest, infiniplex_forest_zigzag_2,
          infiniplex_forest_zigzag_2, infiniplex_forest_end_1,
          infiniplex_forest_zigzag_2, infiniplex_forest_split,
          infiniplex_forest_clump_small
D:2:      lemuel_zombie_altar_kikubaaqudgha, tgw_trog, uniq_robin, uniq_jessica

Action                   || total
-------------------------++-------
Melee: Hand axe          ||    11
 Cast: Infusion          ||     2
  Use: Scroll            ||     1
Armor: Leather armour    ||     2
Dodge: Dodged            ||    10

Table legend:
 A = Spawn XP
 B = Non-spawn XP
 C = Spawn XP percentage of total XP
 D = Spawn monster count
 E = Non-spawn monster count
 F = Spawn count percentage of total count
 G = Total turns spent on level
                    A         B        C        D         E        F      G
               +---------+---------+-------+---------+---------+-------+---------
         Total |       0 |      27 |   0.0 |       0 |       7 |   0.0 |    97
               +---------+---------+-------+---------+---------+-------+---------
           D:1 |       0 |      27 |   0.0 |       0 |       7 |   0.0 |    86
               +---------+---------+-------+---------+---------+-------+---------

Table legend:
 A = Turns spent in this place as a percentage of turns spent in the entire game.
 B = Non-inter-level travel turns spent in this place as a percentage of non-inter-level travel turns spent in the entire game.
 C = Inter-level travel turns spent in this place as a percentage of turns spent in this place.
 D = Turns resting spent in this place as a percentage of non-inter-level travel turns spent in this place.
 E = Turns spent auto-exploring this place as a percentage of non-inter-level travel turns spent in this place.
 F = Non-inter-level travel turns spent in this place divided by the number of levels of this place that you've seen.
                   A       B       C       D       E      F
               +-------+-------+-------+-------+-------+----------------------
         Total | 100.0 | 100.0 |   0.0 |   0.0 |   0.0 |  48.5
       Dungeon | 100.0 | 100.0 |   0.0 |   0.0 |   0.0 |  48.5
               +-------+-------+-------+-------+-------+----------------------

Table legend:
 A = Kills in this place as a percentage of kills in entire the game.
 B = Kills by you in this place as a percentage of kills by you in the entire game.
 C = Kills by friends in this place as a percentage of kills by friends in the entire game.
 D = Other kills in this place as a percentage of other kills in the entire game.
 E = Experience gained in this place as a percentage of experience gained in the entire game.
 F = Experience gained in this place divided by the number of levels of this place that you have seen.
                   A       B       C       D       E      F
               +-------+-------+-------+-------+-------+----------------------
         Total | 100.0 | 100.0 |   N/A |   N/A | 100.0 |  13.5
       Dungeon | 100.0 | 100.0 |   N/A |   N/A | 100.0 |  13.5
               +-------+-------+-------+-------+-------+----------------------

Vault maps used:
D:1:      arrival_aquarium_b, serial_forest, infiniplex_forest_zigzag_2,
          infiniplex_forest_zigzag_2, infiniplex_forest_end_1,
          infiniplex_forest_zigzag_2, infiniplex_forest_split,
          infiniplex_forest_clump_small
D:2:      lemuel_zombie_altar_kikubaaqudgha, tgw_trog, uniq_robin, uniq_jessica
